 Dungeon Crawl Stone Soup version 0.16-a0-3425-gb4a0a08 (webtiles) character file.

3482 yuleCrawler the Cleaver (level 10, -2/71 HPs)
             Began as a Formicid Fighter on Dec 31, 2014.
             Was an Elder of Okawaru.
             Slain by Grum
             ... wielding a -1 spear
              (17 damage)
             ... on level 10 of the Dungeon on Jan 1, 2015.
             The game lasted 00:11:52 (7808 turns).

yuleCrawler the Cleaver (Formicid Fighter)          Turns: 7808, Time: 00:11:52

Health: -2/71      AC:  8    Str: 24    XL:     10   Next: 27%
Magic:  13/13      EV:  9    Int:  8    God:    Okawaru [****..]
Gold:   342        SH: 11    Dex: 10    Spells: 0 memorised, 9 levels left

rFire  . . .     SeeInvis +     t - +3 war axe (freeze) (curse)
rCold  . . .     Clarity  .     y - +1 scale mail {rPois}
rNeg   . . .     SustAb   .     c - +0 shield
rPois  +         Gourm    .     (helmet unavailable)
rElec  .         Spirit   .     s - +0 cloak
rCorr  .         Warding  .     (no gloves)
rMut   .         Stasis   +     (no boots)
MR     +....                    (no amulet)
Stlth  ..........               (no ring)
                                (no ring)

@: heavily drained, somewhat resistant to hostile enchantments, extremely
unstealthy
A: permanent stasis, dig shafts and tunnels, four strong arms, antennae 3
a: Dig, Shaft Self, Heroism, Renounce Religion


You were on level 10 of the Dungeon.
You worshipped Okawaru.
Okawaru was greatly pleased with you.
You were hungry.

You visited 1 branch of the dungeon, and saw 9 of its levels.
You also visited: Ossuary.

You collected 342 gold pieces.

Inventory:

Hand weapons
 a - a +1 war axe
 t - a cursed +3 war axe of freezing (weapon)
Armour
 c - a +0 shield (worn)
 s - a +0 cloak (worn)
 y - a +1 scale mail of poison resistance (worn)
Magical devices
 b - a wand of fireball (9)
Scrolls
 g - 5 scrolls of identify
 n - 4 scrolls of remove curse
Potions
 e - 4 potions of might
 i - 6 potions of curing
 m - 2 potions of agility
 r - 2 potions of brilliance
 z - a potion of heal wounds
Books
 h - a book of Fire

   Spells                             Type                      Level
   a - Ignite Poison                  Fire/Transmutation           5
   b - Fireball                       Conjuration/Fire             5
   c - Bolt of Fire                   Conjuration/Fire             6
   d - Delayed Fireball               Conjuration/Fire             7
   e - Ring of Flames                 Charms/Fire                  7
 j - a book of Frost

   Spells                             Type                      Level
   a - Freeze                         Ice                          1
   b - Throw Frost                    Conjuration/Ice              2
   c - Ozocubu's Armour               Charms/Ice                   3
   d - Throw Icicle                   Conjuration/Ice              4
   e - Summon Ice Beast               Ice/Summoning                4
   f - Condensation Shield            Ice                          4
Comestibles
 d - 6 bread rations
 f - a meat ration
 k - 15 fruits
 p - a beef jerky
 C - a slice of pizza


   Skills:
 - Level 4.0(2.7) Fighting
 * Level 10.9(9.3) Axes
 - Level 4.1(2.8) Armour
 - Level 1.4(0.2) Dodging
 - Level 10.4(8.9) Shields


You had 9 spell levels left.
You didn't know any spells.

Dungeon Overview and Level Annotations

Branches:
Dungeon (10/15)            Temple (0/1) D:7
   Lair: D:8-11         Orc: D:9-12

Altars:
Cheibriados
Okawaru
Qazlal
Ru
Vehumet
Xom

Shops:
D:6 [

Annotations:
D:10 Grum


Innate Abilities, Weirdness & Mutations

You are under a permanent stasis effect.
You can dig through walls and to a lower floor.
Your four strong arms can wield two-handed weapons with a shield.
You have a pair of large antennae on your head (SInv).


Message History

The wolf is severely wounded.
The wolf bites you but does no damage. Grum hits you from afar with a spear.
You block the wolf's attack.
You miss the wolf.
The wolf is severely wounded.
You block the wolf's attack. You block Grum's attack.
The wolf closely misses you.
You hit the wolf. You freeze the wolf.
The wolf is almost dead.
Grum barely misses you. The wolf closely misses you.
You hit the wolf. You freeze the wolf.
You kill the wolf!
Okawaru accepts your kill. Grum closely misses you. Grum hits you with a spear!
You see here a wolf corpse.
You barely miss Grum. Grum hits you with a spear!
* * * LOW HITPOINT WARNING * * *
You barely miss Grum. Grum hits you with a spear!
You die...

.##..# #.###...# ##
.....# #.......##.#
###..# #.##......#
# ##.# #.##.#.#.##
.# #.. ..##.#..##
#.# ##.
#####.###.###..#
#.# ##.#.#.##
#.#####.# ..
#...@ghh# ..
#######.# .# ##
##.##{# #..
###...#.hh#.###.#..
'..
.....[.............
#.
###...#.!.#.###....
##.##.###.# ## #.
.# #. ..


You could see Grum and 2 wolves.

Vanquished Creatures
  The ghost of Medar the Cutter, an experienced HaWr of Zin (D:7)
  A wyvern (D:10)
  A wolf (D:10)
  Edmund (D:7)
  2 sky beasts
  2 water moccasins (D:6)
  2 ogres (D:4)
  2 centaurs (D:6)
  A wyvern zombie (D:8)
  3 giant frogs
  4 scorpions
  4 wights (D:6)
  3 killer bees (D:7)
  A centaur zombie (D:5)
  A hound (D:4)
  3 crimson imps
  5 jellies
  4 worker ants
  2 orc priests
  2 iguanas
  5 orc wizards
  Terence (D:3)
  14 mummies (Ossuary)
  7 gnolls
  2 worker ant zombies (D:5)
  3 adders
  2 shadow imps
  3 worms
  5 giant geckos
  3 oozes
  22 orcs
  14 bats
  A bat zombie (D:5)
  6 giant cockroaches
  11 goblins
  7 hobgoblins
  3 quokkas
  4 ball pythons
  A giant gecko zombie (D:5)
  3 giant newts (D:2)
  3 gnoll skeletons (Ossuary)
  3 goblin skeletons (Ossuary)
  7 jackals
  8 kobolds
  A kobold skeleton (Ossuary)
  An orc skeleton (Ossuary)
  26 rats
  11 rat skeletons (Ossuary)
  A ballistomycete (D:7)
223 creatures vanquished.

Vanquished Creatures (others)
  A giant gecko (D:7)
  A giant spore (D:7)
2 creatures vanquished.

Grand Total: 225 creatures vanquished

Notes
Turn   | Place    | Note
--------------------------------------------------------------
     0 | D:1      | yuleCrawler, the Formicid Fighter, began the quest for the Orb.
     0 | D:1      | Reached XP level 1. HP: 18/18 MP: 1/1
    55 | D:1      | Reached XP level 2. HP: 20/24 MP: 3/3
   261 | D:1      | Reached skill level 4 in Shields
   326 | D:1      | Reached XP level 3. HP: 26/29 MP: 4/4
   753 | D:2      | Upgraded the game from 0.16-a0-3394-g83d1dde to 0.16-a0-3425-gb4a0a08
   850 | D:2      | Found a shimmering altar of Xom.
   850 | D:2      | Found a snail-covered altar of Cheibriados.
   853 | D:2      | Reached XP level 4. HP: 37/37 MP: 5/5
  1393 | D:2      | Reached skill level 1 in Dodging
  1439 | D:3      | Noticed Terence
  1451 | D:3      | Killed Terence
  1529 | D:3      | Noticed a giant frog
  1540 | D:3      | Killed a giant frog
  1540 | D:3      | Reached XP level 5. HP: 34/42 MP: 7/7
  1549 | D:3      | Found an iron altar of Okawaru.
  1558 | D:3      | Became a worshipper of Warmaster Okawaru
  1603 | D:3      | Found a stormy altar of Qazlal.
  1683 | D:3      | You fall through a shaft for 2 floors!
  1683 | D:5      | Entered Level 5 of the Dungeon
  1716 | D:5      | Found a sand-covered staircase.
  1723 | Ossuary  | Entered an ossuary
  1750 | Ossuary  | Reached XP level 6. HP: 43/48 MP: 8/8
  1772 | Ossuary  | Reached skill level 5 in Shields
  2670 | Ossuary  | Reached XP level 7. HP: 52/54 MP: 9/9
  2842 | D:5      | Reached skill level 5 in Axes
  2842 | D:5      | Reached skill level 6 in Shields
  3005 | D:5      | Acquired Okawaru's first power
  3246 | D:5      | Noticed a sky beast
  3256 | D:5      | Killed a sky beast
  3294 | D:5      | Reached XP level 8. HP: 58/60 MP: 11/11
  3607 | D:4      | Reached skill level 7 in Shields
  5227 | D:6      | Reached skill level 8 in Shields
  5262 | D:6      | Found Xotuwul's Antique Armour Boutique.
  5439 | D:6      | Reached XP level 9. HP: 44/65 MP: 12/12
  5463 | D:6      | Found a radiant altar of Vehumet.
  5716 | D:6      | Found a sacrificial altar of Ru.
  5782 | D:6      | Reached skill level 9 in Shields
  6431 | D:7      | Noticed Medar's ghost (experienced HaWr)
  6449 | D:7      | Killed Medar's ghost
  6449 | D:7      | Reached skill level 10 in Shields
  6740 | D:7      | Noticed Edmund
  6751 | D:7      | Reached XP level 10. HP: 62/71 MP: 13/13
  6779 | D:7      | Killed Edmund
  6982 | D:7      | Found a staircase to the Ecumenical Temple.
  7149 | D:7      | Reached skill level 10 in Axes
  7535 | D:8      | You fall through a shaft for 2 floors!
  7535 | D:10     | Entered Level 10 of the Dungeon
  7787 | D:10     | Noticed Grum
  7808 | D:10     | Slain by Grum

Action                   |  1- 3 |  4- 6 |  7- 9 | 10-12 || total
-------------------------+-------+-------+-------+-------++-------
Melee: War axe           |   100 |   209 |   373 |   118 ||   800
Invok: Heroism           |       |       |       |     1 ||     1
 Abil: Dig               |       |     1 |     2 |       ||     3
  Use: Scroll            |       |       |    11 |     2 ||    13
       Potion            |       |       |     9 |     5 ||    14
  Eat: Chunk             |       |     4 |    11 |     4 ||    19
       Bread ration      |       |     1 |       |       ||     1
